 Dungeon Crawl Stone Soup version 0.29.0-5-ge4962eb29e (webtiles) character file.

Game seed: 8770229287661807205

884 sanka the Cleaver (level 8, -1/63 HPs)
             Began as a Meteoran Delver on Aug 28, 2022.
             Slain by an orc priest
             ... wielding a +0 dagger
              (5 damage)
             ... on level 4 of the Dungeon.
             The game lasted 00:12:23 (2435 turns).

sanka the Cleaver (Meteoran Delver)                 Turns: 2435, Time: 00:12:23

Health: -1/63      AC:  9    Str: 15    XL:     8   Next: 50%
Magic:  9/9        EV:  7    Int: 12    God:
Gold:   260        SH:  0    Dex: 16    Spells: 7/7 levels left

rFire   . . .      SeeInvis .   a - +0 hand axe
rCold   + . .      Faith    .   (no shield)
rNeg    + . .      Spirit   .   x - +0 chain mail
rPois   .          Reflect  .   (no helmet)
rElec   .          Harm     .   (no cloak)
rCorr   +          Rampage  .   y - +0 pair of gloves
Will    +....                   (no boots)
Stlth   ..........              (no amulet)
HPRegen 0.20/turn               v - ring of wizardry
MPRegen 0.11/turn               s - ring of the Skies Above {rC+ rN+ rCorr}

@: glowing
A: sense surroundings 1, otherworldly, glowing, explore regen
a: no special abilities


You were on level 4 of the Dungeon.
You visited 1 branch of the dungeon, and saw 5 of its levels.

You collected 260 gold pieces.


Innate Abilities, Weirdness & Mutations

You passively map a small area around you.
You are easily found by Zot.
You glow in the dark.
You regain HP and MP as you explore.


   Skills:
 - Level 3.2 Fighting
 + Level 10.8 Axes
 - Level 2.4 Dodging
 - Level 3.7 Stealth


You had 7 spell levels left.
You didn't know any spells.
Your spell library contained the following spells:

 Spells                   Type           Power      Damage    Failure   Level
 Apportation              Tloc           0%         N/A       96%         1
 Alistair's Intoxication  Tmut/Pois      0%         N/A       100%        5

Inventory:

Hand Weapons
 a - a +0 hand axe (weapon)
Armour
 x - a +0 chain mail (worn)
 y - a +0 pair of gloves (worn)
Magical Staves
 i - a staff of earth
 l - a staff of conjuration {!a}
Jewellery
 j - a ring of fire
 s - the ring of the Skies Above (right hand) {rC+ rN+ rCorr}

   [ring of protection from cold]

   rC:        It protects you from cold.
   rN:        It protects you from negative energy.
   rCorr:     It protects you from acid and corrosion.
 v - a ring of wizardry (left hand)
Wands
 g - a wand of digging (3)
 h - a wand of mindburst (6)
Scrolls
 c - a scroll of fog
 d - 2 scrolls of magic mapping
 e - 2 scrolls of fear
 k - a scroll of noise {!r}
 p - a scroll of enchant weapon
 q - 3 scrolls of teleportation {@r4}
 t - a scroll of enchant armour
 z - a scroll of butterflies {unknown}
 A - a scroll of amnesia
 B - a scroll of immolation {!r}
Potions
 b - a potion of mutation {!q}
 f - 2 potions of curing {unknown}
 m - a potion of cancellation {unknown}
 n - a potion of brilliance {unknown}
 o - 3 potions of flight
 r - a potion of magic {unknown}
 u - a potion of degeneration {unknown}
 w - a potion of lignification {unknown}

Dungeon Overview and Level Annotations

Branches:
Dungeon (5/15) Zot: 613
 Temple: D:4-7

Altars:
Ashenzari
Cheibriados
Qazlal
Yredelemnul

Annotations:
D:4 1 runed translucent door, diceflayer's ghost, amateur DsFi

▒.▒▒▒▒.▒
▒▒▒.▒▒▒▒)▒
▒▒.....▒...
▒▒▒..........
▒▒▒▒▒▒............
▒.................
▒.................
▒o................
▒p................
▒)l.......).......
▒▒▒▒▒▒▒▒..........
▒▒.....▒▒..
▒▒▒▒▒▒▒▒▒▒


You could see an iguana and an orc priest.


Message History

You hit the iguana. The iguana bites you!
* * * LOW HITPOINT WARNING * * *
The orc priest hits you but does no damage.
Unknown command.
You hit the orc priest but do no damage.
The orc priest is heavily wounded.
You barely miss the iguana.
Unknown command.
You hit the orc priest but do no damage.
The orc priest is heavily wounded.
You hit the iguana but do no damage. The iguana completely misses you.
The orc priest mumbles some strange prayers to Beogh against you.
Beogh smites you!
* * * LOW HITPOINT WARNING * * *
Unknown command.
You hit the orc priest but do no damage.
The orc priest is heavily wounded.
You barely miss the iguana.
The iguana bites you but does no damage.
The orc priest hits you but does no damage.
Unknown command.
You hit the orc priest.
The orc priest is almost dead.
You hit the iguana but do no damage. The iguana bites you!
* * * LOW HITPOINT WARNING * * *
The orc priest hits you with a +0 dagger.
You die...

Action                   |  1- 3 |  4- 6 |  7- 9 || total
-------------------------+-------+-------+-------++-------
Melee: Hand axe          |     9 |    86 |   239 ||   334
       Punch             |       |       |     4 ||     4
Evoke: Wand              |     2 |    10 |     3 ||    15
  Use: Potion            |     1 |       |       ||     1
       Scroll            |       |       |     8 ||     8
Armor: Leather armour    |     2 |     5 |       ||     7
       Ring mail         |       |    18 |    24 ||    42
       Chain mail        |       |       |   119 ||   119
       Scale mail        |       |       |    18 ||    18
Dodge: Dodged            |     3 |    49 |    84 ||   136

Levels and vault maps discovered:
D:1:      kb_arrival_jail, layout_loops_ring, st_stairs_2, minmay_ruptured
D:2:      minmay_angry_zag, layout_rooms, ebering_ecumenical_altar_mist
D:3:      layout_loops_ring, kennysheep_generic_room_4
D:4:      kennysheep_big_flooded_room, layout_rooms, ebering_ghost_sewer_d
D:5:      layout_cave_pools, nicolae_overflow_quartered_altars,
          minmay_misc_feat_doors, minivault_25, st_stairs_12

Notes
Turn   | Place    | Note
-------+----------+-------------------------------------------
     0 | D:5      | sanka the Meteoran Delver began the quest for the Orb.
     0 | D:5      | Reached XP level 1. HP: 19/19 MP: 2/2
    74 | D:5      | Noticed a necrophage
    76 | D:5      | Noticed an iguana
    76 | D:5      | Noticed a black bear
   107 | D:4      | Noticed a scorpion
   115 | D:4      | Reached skill level 3 in Axes
   115 | D:4      | Reached XP level 2. HP: 6/26 MP: 3/3
   121 | D:4      | Killed a scorpion
   122 | D:4      | Reached skill level 5 in Axes
   122 | D:4      | Reached XP level 3. HP: 8/31 MP: 4/4
   122 | D:4      | Reached XP level 4. HP: 10/38 MP: 5/5
   148 | D:4      | Noticed a necrophage
   161 | D:4      | Killed a necrophage
   162 | D:4      | Reached skill level 6 in Axes
   162 | D:4      | Reached XP level 5. HP: 30/45 MP: 6/6
   281 | D:4      | Found a runed translucent door.
   281 | D:4      | Noticed a bullfrog
   286 | D:4      | Noticed diceflayer's ghost (amateur DsFi)
   327 | D:4      | Reached skill level 7 in Axes
   327 | D:4      | Reached XP level 6. HP: 51/51 MP: 7/7
   499 | D:2      | Reached XP level 7. HP: 53/57 MP: 8/8
   517 | D:2      | Identified the ring of the Skies Above {rC+ rN+ rCorr}
   732 | D:1      | Reached skill level 8 in Axes
  1094 | D:1      | Noticed a vine stalker
  1094 | D:1      | Noticed a gargoyle
  1096 | D:1      | Noticed a demigod
  1098 | D:1      | Noticed a ghoul
  1100 | D:1      | Noticed a draconian
  1100 | D:1      | Noticed a meteoran
  1102 | D:1      | Noticed a formicid
  1102 | D:1      | Noticed a naga
  1105 | D:1      | Noticed a merfolk
  1107 | D:1      | Noticed a human
  1109 | D:1      | Noticed a minotaur
  1109 | D:1      | Noticed a vine stalker
  1111 | D:1      | Noticed a vampire
  1111 | D:1      | Noticed a gargoyle
  1113 | D:1      | Noticed an elf
  1113 | D:1      | Noticed an octopode
  1115 | D:1      | Noticed a palentonga
  1115 | D:1      | Noticed a spriggan
  1117 | D:1      | Noticed a troll
  1349 | D:2      | Found a faded altar of an unknown god.
  2056 | D:4      | Reached skill level 9 in Axes
  2177 | D:5      | Found a snail-covered altar of Cheibriados.
  2192 | D:5      | Reached XP level 8. HP: 43/63 MP: 9/9
  2202 | D:5      | Found a broken altar of Ashenzari.
  2210 | D:5      | Found a stormy altar of Qazlal.
  2254 | D:4      | Reached skill level 10 in Axes
  2296 | D:5      | Found a basalt altar of Yredelemnul.
  2342 | D:5      | HP: 5/63 [gnoll/+0 spear (6)]
  2435 | D:4      | HP: 4/63 [iguana (7)]
  2435 | D:4      | Slain by an orc priest

Vanquished Creatures
  3 black bears
  A phantom (D:4)
  2 necrophages (D:4)
  2 scorpions (D:4)
  2 hounds
  An orc priest (D:4)
  A jelly (D:5)
  2 iguanas
  2 adders (D:2)
  4 gnolls (D:5)
  An ufetubus (D:4)
  2 worms
  3 orcs
  7 endoplasms
  3 giant cockroaches
  4 goblins
  5 hobgoblins
  4 jackals (D:4)
  8 kobolds
  3 quokkas
  6 ball pythons
  3 bats
  A frilled lizard (D:3)
  2 rats
72 creatures vanquished.
